[Event "ICCopen2017"]
[Site "Internet Chess Club"]
[Date "2017.03.25"]
[Round "2"]
[White "justinchess"]
[Black "DarthVadar"]
[Result "1-0"]
[ICCResult "Black forfeits on time"]
[WhiteElo "2274"]
[BlackElo "1790"]
[Opening "Pirc defense"]
[ECO "B07"]
[NIC "PU.08"]
[Time "14:16:39"]
[TimeControl "180+0"]

1. d4 d6 2. e4 Nf6 3. Nc3 Nbd7 4. Nge2 e5 5. f3 Be7 6. Be3 O-O 7. Qd2 c6 8.
O-O-O b5 9. g4 Qa5 10. a3 b4 11. Na2 c5 12. dxe5 Nxe5 13. Ng3 Nxf3 14. Qe2
bxa3 15. b3 Bxg4 16. Nf5 Nxe4 17. Nxe7+ Kh8 18. Qc4 Ne5 19. Qxe4 Bxd1 20.
Kxd1 Rae8 21. Nd5 Nc6 22. Qd3 Nb4 23. Ndxb4 cxb4 24. Be2 Qe5 25. Bd4 Qg5 26.
Rg1 Qxg1+ 27. Bxg1 Re6 28. Nxb4 Rfe8 29. Bxa7 g6 30. Bd4+ Kg8 31. Na2 f6 32.
Kd2 R8e7 33. Bg4 Re4 34. Bf3 R4e6 35. Bd5 Kg7 36. Bxe6 Rxe6 37. Qc4 Re7 38.
Qc6 Rf7 39. Qxd6 h5 40. Qxa3 h4 41. Qc5 g5 42. Qd5 h3 43. Qxf7+ Kxf7 44. Ke3
Kg6 45. Kf3 Kh5 46. Be3 Kg6 47. c4 Kf7 48. c5 Ke8 49. Kg4 Kd8 50. Kxh3 Kc8
51. Kg4 Kb7 52. Kf5 Kc7 53. Kxf6 Kc6 54. Kxg5 Kb5 55. Kf4 Kc6 56. Ke4 Kc7
57. Kd4 Kc8 58. Kc4 Kd8 59. b4 Kc8 60. Nc3 Kb8 61. Nd5 {Black forfeits on
time} 1-0

[Event "ICCopen2017"]
[Site "Internet Chess Club"]
[Date "2017.03.25"]
[Round "2"]
[White "iamGodskid"]
[Black "sonofmarabu"]
[Result "0-1"]
[ICCResult "White forfeits on time"]
[WhiteElo "1322"]
[BlackElo "1710"]
[Opening "Mieses opening"]
[ECO "A00"]
[NIC "VO.13"]
[Time "14:17:00"]
[TimeControl "180+0"]

1. d3 d5 2. g3 e6 3. Bg2 c6 4. Nf3 Nf6 5. Nc3 Bd6 6. Bg5 Nbd7 7. e4 O-O 8.
Qe2 Qc7 9. e5 Nxe5 10. Bxf6 gxf6 11. d4 Ng6 12. Nh4 b6 13. Qe3 Kg7 14. Nxg6
fxg6 15. h4 e5 16. h5 g5 17. O-O-O h6 18. dxe5 fxe5 19. Rhf1 d4 20. Qd3 Bf5
21. Qc4 dxc3 22. Qxc3 Rac8 23. f4 gxf4 24. gxf4 Kh7 25. Qc4 exf4 26. Be4 Qf7
27. Qd3 Be5 28. Bxf5+ Qxf5 29. Qa3 Rf7 30. Rde1 Bh8 31. Re7 Rc7 32. Rxf7+
Rxf7 33. Rd1 c5 34. Qb3 f3 35. Rf1 f2 36. Qc4 Qf4+ 37. Qxf4 Rxf4 38. c3 Bf6
39. Kc2 Bh4 40. Kd3 Rg4 41. Ke2 Rg1 42. Rxf2 Bxf2 43. Kxf2 Ra1 44. Ke2 Rxa2
45. Kd3 Rxb2 46. c4 Rh2 47. Ke4 Rxh5 48. Kd3 Rh4 49. Kc3 Rxc4+ 50. Kxc4 h5
51. Kd3 h4 {White forfeits on time} 0-1

[Event "ICCopen2017"]
[Site "Internet Chess Club"]
[Date "2017.03.25"]
[Round "2"]
[White "concrete"]
[Black "TricksOnly"]
[Result "0-1"]
[ICCResult "White forfeits on time"]
[WhiteElo "2071"]
[BlackElo "1893"]
[Opening "Scandinavian defense"]
[ECO "B01"]
[NIC "SD.03"]
[Time "14:17:01"]
[TimeControl "180+0"]

1. e4 d5 2. exd5 Nf6 3. d4 Bg4 4. Bb5+ Nbd7 5. Be2 Bxe2 6. Qxe2 Nxd5 7. Nf3
g6 8. O-O Bg7 9. c4 N5b6 10. Nc3 O-O 11. Bg5 Nf6 12. Rad1 c6 13. Rfe1 Re8
14. Ne5 Nc8 15. d5 cxd5 16. Nxd5 Nxd5 17. Rxd5 Qc7 18. Rd7 Qa5 19. Bf4 Nd6
20. b3 Rad8 21. Rxd8 Rxd8 22. Nf3 e6 23. h3 Nf5 24. Be5 Bxe5 25. Qxe5 Qxa2
26. Qf6 Qa5 27. g4 Nd4 28. Re3 Nxf3+ 29. Rxf3 Qc7 30. Kg2 a5 31. h4 Rd7 32.
h5 Qd8 33. Qc3 Qg5 34. Rg3 b6 35. hxg6 hxg6 36. Qf3 e5 37. Qa8+ Kg7 38. Qe4
Qf4 39. Qxf4 exf4 40. Rf3 g5 41. Rd3 Kf6 42. Rxd7 Ke6 43. Rd5 f5
{White forfeits on time}
0-1

[Event "ICCopen2017"]
[Site "Internet Chess Club"]
[Date "2017.03.25"]
[Round "2"]
[White "skewerd"]
[Black "FlyCatcher"]
[Result "1-0"]
[ICCResult "Black forfeits on time"]
[WhiteElo "1843"]
[BlackElo "2372"]
[Opening "QGA: Haberditz variation"]
[ECO "D22"]
[NIC "QG.05"]
[Time "14:17:02"]
[TimeControl "180+0"]

1. d4 d5 2. c4 dxc4 3. Nf3 a6 4. e3 b5 5. a4 c6 6. b3 e6 7. bxc4 b4 8. Nbd2
a5 9. Nb3 Nf6 10. Bd3 Bd6 11. O-O Nbd7 12. Bb2 Qc7 13. e4 e5 14. c5 Be7 15.
dxe5 Ng4 16. Rc1 Ndxe5 17. Nxe5 Nxe5 18. Be2 O-O 19. h3 Rd8 20. Qc2 Ng6 21.
Bc4 Qf4 22. Rcd1 Be6 23. Bc1 Qf6 24. Be3 Nf4 25. Bxe6 Nxe6 26. f4 Qc3 27.
Qxc3 bxc3 28. f5 Nc7 29. Rc1 Bf6 30. Rfd1 Na6 31. Kf2 Nb4 32. Ke2 g6 33. Bd4
c2 34. Rd2 Bg5 35. Be3 Bxe3 36. Kxe3 Rxd2 37. Kxd2 Rd8+ 38. Ke2 gxf5 39.
exf5 Rd5 40. g4 f6 41. Ke3 h5 42. Ke4 hxg4 43. hxg4 Re5+ 44. Kf3 Rd5 45. Ke2
Re5+ 46. Kf3 Rd5 47. Ke2 Kf7 48. Ke3 Re5+ 49. Kf2 Rd5 50. Ke2 Re5+ 51. Kf2
Nd3+ 52. Kf3 Nxc1 53. Kf4 Rd5 54. Kg3 Rxc5 55. Kh4 {Black forfeits on time}
1-0

[Event "ICCopen2017"]
[Site "Internet Chess Club"]
[Date "2017.03.25"]
[Round "2"]
[White "GranTorre"]
[Black "GoyTurk"]
[Result "0-1"]
[ICCResult "White forfeits on time"]
[WhiteElo "1801"]
[BlackElo "1600"]
[Opening "Sicilian: accelerated fianchetto, Breyer variation"]
[ECO "B39"]
[NIC "QP.10"]
[Time "14:16:24"]
[TimeControl "180+0"]

1. Nf3 c5 2. c4 g6 3. d4 Bg7 4. e4 cxd4 5. Nxd4 Nc6 6. Be3 Nf6 7. Nc3 Ng4 8.
Qxg4 Nxd4 9. Qd1 Ne6 10. Rc1 b6 11. Bd3 Bb7 12. f3 O-O 13. O-O Rc8 14. b3 d6
15. Qd2 Re8 16. Rfd1 Nc5 17. Bc2 Nd7 18. Nb5 a6 19. Nd4 Ne5 20. Qf2 Qd7 21.
a4 Rb8 22. h3 Ba8 23. Qe2 Rec8 24. Bb1 Qe8 25. f4 Nc6 26. Nf3 Nb4 27. Qd2
Nc6 28. Qf2 b5 29. cxb5 axb5 30. Nd4 Nxd4 31. Bxd4 Rxc1 32. Rxc1 bxa4 33.
Bxg7 Kxg7 34. Qd4+ f6 35. bxa4 Qd7 36. Bd3 Qe6 37. Re1 Rc8 38. Bb5 Rc5 39.
Qb4 Qc8 40. Kh2 Qc7 41. Qd4 e5 42. Qe3 exf4 43. Qxf4 Re5 44. Rf1 Qe7 45. Bd3
Bxe4 46. Bxe4 Rxe4 47. Qf3 Qe5+ 48. Kh1 f5 49. a5 Re3 50. Qf2 Kh6 51. a6 Ra3
52. a7 f4 53. Rb1 Qe3 54. Qxe3 fxe3 55. Rb7 e2 56. Re7 Rxa7 57. Kh2 Ra1 58.
Re6 Ra5 59. Rxe2 Re5 60. Rd2 d5 61. Rf2 Rf5 62. Re2 Re5 63. Rd2 Kg7 64. Kg3
Kf6 65. Kf3 Rf5+ {White forfeits on time} 0-1

[Event "ICCopen2017"]
[Site "Internet Chess Club"]
[Date "2017.03.25"]
[Round "2"]
[White "Tui"]
[Black "Sam08"]
[Result "0-1"]
[ICCResult "White forfeits on time"]
[WhiteElo "1827"]
[BlackElo "2445"]
[Opening "King's Indian defense, 3.Nc3"]
[ECO "E61"]
[NIC "EO.64"]
[Time "14:17:04"]
[TimeControl "180+0"]

1. c4 Nf6 2. Nc3 g6 3. d4 Bg7 4. Nf3 O-O 5. Bf4 d6 6. h3 Nc6 7. e3 Nd7 8.
Bh2 e5 9. Be2 f5 10. O-O e4 11. Nd2 Nf6 12. Rb1 a5 13. a3 g5 14. b4 axb4 15.
axb4 Qe8 16. b5 Ne7 17. b6 Qd7 18. bxc7 Ng6 19. Nb5 f4 20. Qb3 f3 21. Nxf3
exf3 22. Bxf3 g4 23. hxg4 Nxg4 24. Bxd6 Rf7 25. c5 Nf6 26. e4 Nh4 27. e5
Nxf3+ 28. Qxf3 Ng4 29. Qg3 Qf5 30. d5 Bxe5 31. Bxe5 Qxe5 32. Nd6 Qxg3 33.
fxg3 Rxc7 34. Ne4 Ra4 35. d6 Rf7 36. Rxf7 Kxf7 37. Rf1+ Kg7 38. Ng5 Kg6 39.
Nh3 Rc4 40. Rd1 Rxc5 41. d7 Bxd7 42. Nf4+ Kf5 43. Kf1 Bb5+ 44. Ke1 Bc6 45.
Rd6 Re5+ 46. Kd2 Ne3 47. Rd8 Nf1+ 48. Kc1 Nxg3 49. Rf8+ Ke4 50. Rf7 Rc5+
{White forfeits on time}
0-1

[Event "ICCopen2017"]
[Site "Internet Chess Club"]
[Date "2017.03.25"]
[Round "2"]
[White "presbyter4"]
[Black "AlonzoMosely"]
[Result "0-1"]
[ICCResult "White checkmated"]
[WhiteElo "1780"]
[BlackElo "2247"]
[Opening "QGD semi-Slav: Meran, Wade variation"]
[ECO "D47"]
[NIC "SL.09"]
[Time "14:17:10"]
[TimeControl "180+0"]

1. d4 Nf6 2. c4 e6 3. Nf3 d5 4. Nc3 c6 5. e3 Nbd7 6. Bd3 dxc4 7. Bxc4 b5 8.
Bd3 Bb7 9. e4 b4 10. Na4 c5 11. e5 Nd5 12. Bb5 Rc8 13. Bg5 Qc7 14. dxc5 a6
15. Bxd7+ Qxd7 16. Rc1 h6 17. Bh4 g5 18. Bg3 Qb5 19. Nd4 Qa5 20. c6 Ba8 21.
O-O Bg7 22. Rc5 Qc7 23. Qe2 O-O 24. Qxa6 Rfd8 25. Rd1 Nf4 26. Bxf4 gxf4 27.
Qe2 Qa7 28. b3 Rd5 29. Qf3 Rxc5 30. Nxc5 Qxc5 31. Qxf4 Rd8 32. Qe3 Bxc6 33.
f4 Bf8 34. Kf2 Bb7 35. g4 Qb6 36. Kg3 Bc5 37. Rd2 Rxd4 38. Qe2 Rxd2 39. Qxd2
Be3 40. Qd7 Bxf4+ 41. Kxf4 Qf2# {White checkmated} 0-1

[Event "ICCopen2017"]
[Site "Internet Chess Club"]
[Date "2017.03.25"]
[Round "2"]
[White "Sophiste"]
[Black "WhiteMoon"]
[Result "1-0"]
[ICCResult "Black forfeits on time"]
[WhiteElo "3269"]
[BlackElo "2031"]
[Opening "Réti: King's Indian attack"]
[ECO "A08"]
[NIC "QP.09"]
[Time "14:17:08"]
[TimeControl "180+0"]

1. Nf3 d5 2. g3 c5 3. Bg2 Nc6 4. d4 Nf6 5. O-O Bg4 6. Ne5 Bh5 7. Nxc6 bxc6
8. dxc5 e6 9. c4 Bxc5 10. Nc3 O-O 11. Qc2 Qe7 12. Bf4 Rfd8 13. Rac1 Rac8 14.
Na4 h6 15. cxd5 Bd6 16. Bxd6 Qxd6 17. dxc6 Nd5 18. a3 Rc7 19. Rfe1 Rdc8 20.
Qd2 Rxc6 21. Rxc6 Qxc6 22. Nc3 Qe8 23. Nxd5 exd5 24. Qxd5 Bg6 25. e4 Qa4 26.
h4 h5 27. e5 Bf5 28. Bf3 Be6 29. Qe4 Qb3 30. Bxh5 Qxb2 31. a4 Rc1 32. Rxc1
Qxc1+ 33. Kg2 Qc5 34. Bf3 a5 35. h5 Qb4 36. Qa8+ Kh7 37. Be4+ g6 38. hxg6+
fxg6 39. Qa7+ Kh6 40. Qe3+ Kg7 41. Qf4 Qe7 42. g4 g5 43. Qf3 Qf7 44. Qxf7+
Kxf7 45. Bf5 Ke7 46. Kf3 Bb3 47. Ke4 Bxa4 48. Kd4 Be8 49. Bb1 a4 50. Ba2 Bd7
51. f3 Be6 52. Bb1 a3 53. Ke4 a2 54. Bxa2 Bxa2 55. Ke3 Bb3 56. Kd4 Bd1 57.
f4 Bf3 58. fxg5 Bxg4 59. Ke3 {Black forfeits on time} 1-0

[Event "ICCopen2017"]
[Site "Internet Chess Club"]
[Date "2017.03.25"]
[Round "2"]
[White "LionKing93"]
[Black "BUHO64"]
[Result "1/2-1/2"]
[ICCResult "White ran out of time and Black has no material to mate"]
[WhiteElo "2148"]
[BlackElo "1859"]
[Opening "Sicilian: dragon, Yugoslav attack, Rauser variation"]
[ECO "B76"]
[NIC "SI.17"]
[Time "14:17:03"]
[TimeControl "180+0"]

1. e4 c5 2. Nf3 d6 3. d4 cxd4 4. Nxd4 Nf6 5. Nc3 g6 6. Be3 Bg7 7. f3 O-O 8.
Qd2 Nc6 9. O-O-O d5 10. exd5 Nxd5 11. Nxc6 bxc6 12. Nxd5 cxd5 13. Qxd5 Rb8
14. b3 Qc7 15. Qc5 Qb7 16. Bd4 Bf5 17. Bd3 Rfc8 18. Qxa7 Bh6+ 19. Kb1 Bxd3
20. Rxd3 Qb5 21. Rhd1 Rb7 22. Qa3 Rbc7 23. Qb2 f6 24. h4 Kf7 25. h5 Ra8 26.
hxg6+ hxg6 27. a4 Qf5 28. Rc3 Rb7 29. Rc5 Qf4 30. Rc3 Rxa4 31. Be3 Qb4 32.
Bxh6 Qa5 33. Bd2 Ra3 34. Rc4 Qa6 35. Bc3 Ra7 36. Rcd4 Ra2 37. Rc4 Rxb2+ 38.
Bxb2 Qa2+ 39. Kc1 Rb7 40. Rc3 Rxb3 41. Rxb3 Qa5 42. Rdd3 Qg5+ 43. Kb1 Qxg2
44. Rd1 Qg1 45. Rc1 Qf2 46. c3 g5 47. c4 Qxf3 48. c5 Qe4+ 49. Ka2 Qc6 50.
Ba3 Qa6 51. Rb6 Qc4+ 52. Kb2 Qd4+ 53. Kb1 Qd3+ 54. Rc2 Qd4 55. Rcb2 Qd1+ 56.
Ka2 Qb3+ 57. R6xb3 f5 58. Rc2 f4 59. Rd3 f3 60. c6 g4 61. c7 Kg6 62. Rf2 Kg5
63. Rdxf3 g3 64. Rg2 Kh4 65. Rgxg3 Kh5 66. Re3 Kh4 67. Re6 Kh5 68. Rxe7 Kh4
{White ran out of time and Black has no material to mate}
1/2-1/2

[Event "ICCopen2017"]
[Site "Internet Chess Club"]
[Date "2017.03.25"]
[Round "2"]
[White "BronStorm"]
[Black "Mmario"]
[Result "0-1"]
[ICCResult "White forfeits on time"]
[WhiteElo "1898"]
[BlackElo "2667"]
[Opening "Sicilian"]
[ECO "B56"]
[NIC "SI.25"]
[Time "14:17:41"]
[TimeControl "180+0"]

1. e4 c5 2. Nf3 d6 3. d4 cxd4 4. Nxd4 Nf6 5. Nc3 Nc6 6. f3 Bd7 7. Be3 Rc8 8.
Qd2 e6 9. O-O-O a6 10. g4 Nxd4 11. Bxd4 Bc6 12. g5 Nd7 13. h4 Ne5 14. f4 Nf3
15. Qe3 Nxd4 16. Qxd4 Qa5 17. Bg2 b5 18. a3 Bb7 19. Rd3 Rc4 20. Qe3 Be7 21.
Rhd1 b4 22. axb4 Rxb4 23. Nb1 O-O 24. Rb3 Rc8 25. Rd2 Rb5 26. Rxb5 axb5 27.
h5 b4 28. g6 Qxh5 29. gxf7+ Qxf7 30. b3 Ra8 31. Bf1 Bf6 32. Bc4 d5 33. exd5
exd5 34. Bd3 Re8 35. Qf2 Bc3 36. Rd1 d4 37. Nd2 Bd5 38. Nc4 Ra8
{White forfeits on time}
0-1

[Event "ICCopen2017"]
[Site "Internet Chess Club"]
[Date "2017.03.25"]
[Round "2"]
[White "hon"]
[Black "joppie"]
[Result "0-1"]
[ICCResult "White forfeits on time"]
[WhiteElo "1272"]
[BlackElo "1623"]
[Opening "Sicilian: Alapin's variation (2.c3)"]
[ECO "B22"]
[NIC "SI.46"]
[Time "14:17:34"]
[TimeControl "180+0"]

1. e4 c5 2. c3 Nc6 3. d4 cxd4 4. cxd4 d6 5. Nc3 g6 6. Nf3 Bg7 7. Be2 Nf6 8.
O-O O-O 9. d5 Nb8 10. h3 a6 11. Bg5 b5 12. a3 Nbd7 13. b4 Bb7 14. Rc1 Rc8
15. Qd2 Nb6 16. Ne1 Nc4 17. Bxc4 Rxc4 18. f3 Qc7 19. Ne2 Rc8 20. Rxc4 Qxc4
21. Nd3 Qc2 22. Rc1 Qxd2 23. Bxd2 Rxc1+ 24. Nexc1 Nd7 25. Ne2 Nb6 26. Bc3
Nc4 27. Bxg7 Kxg7 28. Nec1 Nxa3 29. Nb3 Nc2 30. Na5 Bc8 31. Kf2 Kf6 32. Ke2
e6 33. Kd2 Na3 34. Kc3 exd5 35. exd5 Bf5 36. Nf4 Ke5 37. g3 Nb1+ 38. Kb2 Nd2
39. Nc6+ Kf6 40. Nb8 Nxf3 41. Nxa6 g5 42. Nc7 gxf4 43. Nxb5 fxg3 44. Nxd6 g2
45. b5 g1=Q 46. b6 Qxb6+ {White forfeits on time} 0-1

[Event "ICCopen2017"]
[Site "Internet Chess Club"]
[Date "2017.03.25"]
[Round "2"]
[White "Datwinnik"]
[Black "Marblerevealer"]
[Result "0-1"]
[ICCResult "White forfeits on time"]
[WhiteElo "1359"]
[BlackElo "1729"]
[Opening "Caro-Kann defense"]
[ECO "B15"]
[NIC "CK.05"]
[Time "14:17:29"]
[TimeControl "180+0"]

1. e4 c6 2. d4 d5 3. Nc3 dxe4 4. Nxe4 Nf6 5. Ng5 Bf5 6. Bc4 e6 7. N1f3 h6 8.
Nxf7 Kxf7 9. Ne5+ Ke8 10. g4 Be4 11. f3 Bd5 12. Qd3 Bb4+ 13. c3 Qe7 14. Qg6+
Kf8 15. Bxd5 exd5 16. cxb4 Nbd7 17. Bf4 Qxb4+ 18. Bd2 Qe7 19. O-O Nxe5 20.
dxe5 Qxe5 21. Bb4+ Kg8 22. Rfe1 Qd4+ 23. Kh1 Qc4 24. Re7 Rh7 25. Bc3 d4 26.
Bd2 Rf8 27. Bxh6 Rf7 28. Rxf7 Qxf7 29. Qxf7+ Kxf7 30. Bg5 Nd5 31. Rd1 c5 32.
f4 b5 33. f5 Rh3 34. Kg2 Ne3+ 35. Bxe3 Rxe3 36. Kf2 Re4 37. Kf3 Re3+ 38. Kf2
Kf6 39. b3 Ke5 40. Rc1 Kd5 41. h4 Rh3 42. h5 c4 43. bxc4+ bxc4 44. Re1 d3
45. Rd1 Kd4 46. Rc1 c3 47. Rd1 d2 48. Ke2 Rh2+ 49. Kf1 Kd3 50. Kg1 Re2
{White forfeits on time}
0-1

[Event "ICCopen2017"]
[Site "Internet Chess Club"]
[Date "2017.03.25"]
[Round "2"]
[White "charlestehace"]
[Black "RebelJohnny"]
[Result "0-1"]
[ICCResult "White forfeits on time"]
[WhiteElo "3101"]
[BlackElo "2043"]
[Opening "Pirc: Ufimtsev-Pytel variation"]
[ECO "B07"]
[NIC "PU.08"]
[Time "14:17:09"]
[TimeControl "180+0"]

1. e4 d6 2. d4 Nf6 3. Nc3 c6 4. f4 Qa5 5. Bd3 e5 6. Nf3 Bg4 7. dxe5 dxe5 8.
O-O Nbd7 9. Kh1 O-O-O 10. Qe1 Qc7 11. Nxe5 Nxe5 12. fxe5 Qxe5 13. Bf4 Qh5
14. e5 Nd5 15. Bg3 Bb4 16. a3 Bxc3 17. bxc3 Be6 18. c4 Nb6 19. Qc3 Qg4 20.
Rf4 Qg5 21. a4 h5 22. Qe1 Qe7 23. a5 Nd7 24. a6 b6 25. Bf2 g5 26. Rd4 Nc5
27. Qb4 Rxd4 28. Bxd4 Rd8 29. Bxc5 Qxc5 30. Qxc5 bxc5 31. Rb1 Rd4 32. h3
Bxc4 33. Bxc4 Rxc4 34. Rb7 Rxc2 35. Rxa7 Re2 36. Rxf7 Kb8 37. Kg1 Rxe5 38.
Rb7+ Ka8 39. Rc7 Re6 40. Kf2 Kb8 41. Rb7+ Ka8 42. Rg7 Re5 43. Rc7 Rf5+ 44.
Ke3 Rf6 45. Kd3 Kb8 46. Rb7+ Ka8 47. Kc4 Rf2 48. Kxc5 Rxg2 49. Kb6 Rb2+ 50.
Kc7 Ra2 51. Kb6 Rb2+ 52. Kc7 Ra2 53. Kb6 g4 54. hxg4 hxg4 55. Rg7 Rb2+ 56.
Kxc6 Rc2+ 57. Kb6 Rb2+ 58. Kc6 Ra2 59. Kb6 Rb2+ 60. Kc6 Rb8
{White forfeits on time}
0-1

[Event "ICCopen2017"]
[Site "Internet Chess Club"]
[Date "2017.03.25"]
[Round "2"]
[White "Alikfish"]
[Black "Svinotigr"]
[Result "1-0"]
[ICCResult "Black forfeits on time"]
[WhiteElo "1618"]
[BlackElo "1718"]
[Opening "Old Indian defense"]
[ECO "A42"]
[NIC "OI.07"]
[Time "14:18:25"]
[TimeControl "180+0"]

1. d4 d6 2. c4 Nd7 3. Nc3 e5 4. Nf3 g6 5. Bg5 Ngf6 6. Qd2 Bg7 7. O-O-O O-O
8. dxe5 dxe5 9. Nxe5 Qe7 10. Nxd7 Qxd7 11. Qxd7 Nxd7 12. Nd5 c6 13. Nc7 Rb8
14. Be7 Ne5 15. Bxf8 Bxf8 16. Rd8 Nxc4 17. e3 Ne5 18. h3 Kg7 19. Ne8+ Kh6
20. f4 Nd7 21. g4 Be7 22. g5+ Kh5 23. Ng7+ Kh4 24. Rh8 Kg3 25. h4 Nc5 26. h5
Bd6 27. Ne8 Be7 28. Rxh7 Be6 29. hxg6 {Black forfeits on time} 1-0

[Event "ICCopen2017"]
[Site "Internet Chess Club"]
[Date "2017.03.25"]
[Round "2"]
[White "ajam"]
[Black "Lightlike"]
[Result "0-1"]
[ICCResult "White forfeits on time"]
[WhiteElo "1886"]
[BlackElo "2617"]
[Opening "QGD: Charousek (Petrosian) variation"]
[ECO "D31"]
[NIC "EO.64"]
[Time "14:17:18"]
[TimeControl "180+0"]

1. c4 e6 2. Nc3 d5 3. d4 Be7 4. cxd5 exd5 5. Qc2 c6 6. Bf4 Nf6 7. e3 Nbd7 8.
h3 O-O 9. Bd3 Re8 10. Nge2 Nf8 11. O-O-O a5 12. Kb1 a4 13. Nxa4 Qa5 14. b3
Ne4 15. Bxe4 dxe4 16. Nc5 Bxc5 17. dxc5 Be6 18. Bd6 Nd7 19. Nd4 Nf6 20. Qd2
Qa6 21. Rc1 Nd5 22. Rc2 Qa3 23. Qc1 Qa5 24. Qd2 Nb4 25. Rb2 Bd5 26. g4 Qa3
27. Nc2 Nxc2 28. Qxc2 b6 29. Rg1 bxc5 30. Bxc5 Qa6 31. Qe2 Qa5 32. Rc1 Reb8
33. b4 Qd8 34. Qd2 Qh4 35. Rh1 Ra3 36. b5 Rd8 37. b6 Rb8 38. Bd6 Rb7 39.
Bxa3 Qd8 40. Bc5 h6 41. Qd4 Qa8 42. Rc1 Qa3 43. Rc3 Qa6 44. Rd2 Qf1+ 45. Kb2
Qb5+ 46. Qb4 Qa6 47. a4 Qf1 48. a5 Qa6 49. Ra3 Qf1 50. a6 Rb8 51. b7 Qe1 52.
a7 Rxb7 53. Qxb7 Qxd2+ 54. Kb1 Qd1+ 55. Kb2 Qd2+ 56. Ka1 Qc1+ 57. Qb1 Qxc5
58. a8=Q+ Kh7 59. Qa5 Qd6 60. Qc3 Qe7 61. Qbb2 f6 {White forfeits on time}
0-1

[Event "ICCopen2017"]
[Site "Internet Chess Club"]
[Date "2017.03.25"]
[Round "2"]
[White "Chaos23"]
[Black "padrino"]
[Result "0-1"]
[ICCResult "White resigns"]
[WhiteElo "1907"]
[BlackElo "2721"]
[Opening "Modern defense"]
[ECO "A40"]
[NIC "QO.17"]
[Time "14:17:50"]
[TimeControl "180+0"]

1. d4 g6 2. g3 Bg7 3. Bg2 d5 4. Nf3 c5 5. dxc5 Qa5+ 6. Bd2 Qxc5 7. Bc3 Nf6
8. O-O O-O 9. Nbd2 Nc6 10. Nb3 Qb6 11. a4 Qc7 12. Nfd4 a6 13. Nxc6 bxc6 14.
a5 c5 15. Bxf6 Bxf6 16. Qxd5 Rb8 17. Qxc5 Qxc5 18. Nxc5 Rxb2 19. Rac1 Rd8
20. Rfd1 Rxd1+ 21. Rxd1 Kg7 22. Be4 Rb5 23. Nb3 Bh3 24. f3 Be6 25. Bd3 Rd5
26. Rb1 Rd6 27. Nc5 Bd4+ 28. Kg2 Bxc5 29. Rb7 Kf6 30. Rc7 Bb4 31. Ra7 Bxa5
32. Rxa6 Rxa6 33. Bxa6 Bc3 34. e4 Ke5 35. Bd3 Kd4 36. Kf2 Bc4 37. Ke2 Bxd3+
38. cxd3 e5 39. f4 f6 40. h4 Bb4 41. f5 gxf5 42. exf5 h5 43. g4 hxg4 44. h5
Bf8 45. Kf2 Kxd3 {White resigns} 0-1

[Event "ICCopen2017"]
[Site "Internet Chess Club"]
[Date "2017.03.25"]
[Round "2"]
[White "Renos"]
[Black "TZ700A"]
[Result "1-0"]
[ICCResult "Black forfeits on time"]
[WhiteElo "1671"]
[BlackElo "1289"]
[Opening "QGD: exchange, positional line"]
[ECO "D35"]
[NIC "QO.16"]
[Time "14:17:10"]
[TimeControl "180+0"]

1. d4 d5 2. c4 e6 3. Nc3 Nf6 4. cxd5 exd5 5. Bg5 Be7 6. e3 O-O 7. Qc2 Be6 8.
Nf3 Nbd7 9. Bd3 c5 10. dxc5 Nxc5 11. Bf5 Rc8 12. O-O Nce4 13. Bxf6 Bxf6 14.
Bxe4 dxe4 15. Qxe4 Bxc3 16. bxc3 Bd5 17. Qd4 Bxf3 18. gxf3 Qa5 19. Kh1 Rxc3
20. Rg1 g6 21. Rad1 Qc7 22. f4 Rc2 23. Rd2 Rxd2 24. Qxd2 Qc6+ 25. Rg2 Qf3
26. Kg1 Rc8 27. Rg3 Qc6 28. Rg5 Qc1+ 29. Qxc1 Rxc1+ 30. Kg2 Rc2 31. Ra5 a6
32. Ra3 Kg7 33. Rb3 Rxa2 34. Rxb7 a5 35. h4 a4 36. Ra7 a3 37. Ra6 Ra1 38.
Kh2 a2 39. Kg2 Kh6 40. f5 Kg7 41. fxg6 hxg6 42. Kh2 Kh6 43. Ra5 f6 44. Kg2
g5 45. hxg5+ fxg5 46. Kf3 Kh5 47. e4 Kh4 48. e5 g4+ 49. Kf4 Rf1 50. Rxa2 Kh3
51. Ra3+ {Black forfeits on time} 1-0

[Event "ICCopen2017"]
[Site "Internet Chess Club"]
[Date "2017.03.25"]
[Round "2"]
[White "JUGGERNOT"]
[Black "Baltimora"]
[Result "1-0"]
[ICCResult "Black forfeits on time"]
[WhiteElo "1822"]
[BlackElo "2262"]
[Opening "Bird's opening"]
[ECO "A02"]
[NIC "VO.07"]
[Time "14:18:17"]
[TimeControl "180+0"]

1. f4 d6 2. Nf3 Bg4 3. e4 Nd7 4. Be2 g6 5. O-O Bg7 6. c3 e5 7. d3 Ne7 8. h3
Bxf3 9. Rxf3 O-O 10. fxe5 Nxe5 11. Rf1 d5 12. exd5 Nxd5 13. d4 Nc6 14. Bc4
Qd6 15. Bxd5 Qxd5 16. Bf4 Rae8 17. Nd2 Re7 18. Qf3 Qxf3 19. Nxf3 Rfe8 20.
Rf2 Nd8 21. Bg5 f6 22. Bf4 Nf7 23. Raf1 {Black forfeits on time} 1-0

[Event "ICCopen2017"]
[Site "Internet Chess Club"]
[Date "2017.03.25"]
[Round "2"]
[White "Phaser"]
[Black "alekhsay"]
[Result "1-0"]
[ICCResult "Black forfeits on time"]
[WhiteElo "1595"]
[BlackElo "955"]
[Opening "Ruy Lopez: Berlin defense, 4.O-O, d6"]
[ECO "C66"]
[NIC "RL.07"]
[Time "14:17:23"]
[TimeControl "180+0"]

1. e4 e5 2. Nf3 Nc6 3. Bb5 Nf6 4. O-O d6 5. d4 Nxe4 6. Qe2 Bf5 7. dxe5 a6 8.
Bxc6+ bxc6 9. exd6 cxd6 10. Nd4 d5 11. Nxf5 Bc5 12. Nxg7+ Kd7 13. Qg4+ Kc7
14. Bf4+ Kb7 15. Nc3 Nd2 16. Bxd2 Rg8 17. Be3 Bxe3 18. fxe3 Rc8 19. Rxf7+
Ka8 20. a4 {Black forfeits on time} 1-0

[Event "ICCopen2017"]
[Site "Internet Chess Club"]
[Date "2017.03.25"]
[Round "2"]
[White "Cramagica"]
[Black "audipudy"]
[Result "0-1"]
[ICCResult "White forfeits on time"]
[WhiteElo "1093"]
[BlackElo "1605"]
[Opening "English opening"]
[ECO "A10"]
[NIC "EO.63"]
[Time "14:17:17"]
[TimeControl "180+0"]

1. c4 b6 2. Nc3 Bb7 3. d4 e6 4. e4 Bb4 5. Qd3 d6 6. f4 Qh4+ 7. g3 Qe7 8. Nf3
Nd7 9. Bg2 Bxc3+ 10. bxc3 c5 11. O-O Ngf6 12. Ba3 Bxe4 13. Qe3 Bb7 14. Rad1
O-O 15. dxc5 dxc5 16. Rd2 Rad8 17. Rfd1 Ba6 18. Qe2 Nd5 19. Bb2 N5f6 20. Ne5
Nxe5 21. Rxd8 Rxd8 22. Rxd8+ Qxd8 23. fxe5 Ne8 24. Bc1 Qc7 25. Bf4 Qd7 26.
Bf1 Bb7 27. Bg2 Bxg2 28. Kxg2 Qc6+ 29. Qf3 Qxf3+ 30. Kxf3 f6 31. exf6 gxf6
32. Ke4 a6 33. a4 Kf7 34. h3 Ke7 35. g4 Ng7 36. Bh6 Ne8 37. h4 Nd6+ 38. Kd3
b5 39. axb5 axb5 40. cxb5 Nxb5 41. c4 Nd6 42. Bf4 e5 43. Be3 Nb7 44. Kc3 Ke6
45. Kd3 f5 46. gxf5+ Kxf5 47. h5 e4+ 48. Ke2 Kg4 49. h6 Kf5
{White forfeits on time}
0-1

[Event "ICCopen2017"]
[Site "Internet Chess Club"]
[Date "2017.03.25"]
[Round "2"]
[White "zealous"]
[Black "Step2Me"]
[Result "1-0"]
[ICCResult "Black resigns"]
[WhiteElo "1683"]
[BlackElo "1333"]
[Opening "Queen's pawn, Mason variation"]
[ECO "D00"]
[NIC "QP.08"]
[Time "14:18:04"]
[TimeControl "180+0"]

1. d4 d5 2. Bf4 Nf6 3. e3 e6 4. c3 c6 5. Nf3 Be7 6. Nbd2 Nbd7 7. Bd3 O-O 8.
h3 Re8 9. O-O Nf8 10. e4 dxe4 11. Nxe4 Nd5 12. Bg3 Ng6 13. Qd2 b5 14. a3 a5
15. Rfd1 Qb6 16. c4 bxc4 17. Bxc4 Ba6 18. Bxa6 Rxa6 19. Rac1 Rb8 20. Rc2 Rb7
21. Nc5 Bxc5 22. dxc5 Qd8 23. Bd6 Rd7 24. Qd3 Ra8 25. g3 Nge7 26. Qd2 Nf5
27. Be5 Qe7 28. g4 Nh6 29. Bg3 Rad8 30. Qxa5 Qf6 31. Ne5 g6 32. Nxd7 Rxd7
33. Qa8+ Kg7 34. Qxc6 Re7 35. Bd6 Ra7 36. Bb8 Ra4 {Black resigns} 1-0